 Dungeon Crawl Stone Soup version 0.16.2-12-gd0ad4c3 (webtiles) character file.

49 Seneschal the Conjurer (level 3, -4/21 HPs)
             Began as an Octopode Conjurer on Sept 21, 2015.
             Slain by a kobold
             ... wielding a +0 club
              (6 damage)
             ... on level 2 of the Dungeon.
             The game lasted 00:07:48 (589 turns).

Seneschal the Conjurer (Octopode Conjurer)           Turns: 589, Time: 00:07:48

Health: -4/21      AC:  1    Str:  7    XL:     3   Next: 75%
Magic:  6/6        EV: 12    Int: 18    God:
Gold:   79         SH:  0    Dex: 12    Spells: 3 memorised, 0 levels left

rFire  . . .     SeeInvis .     (no weapon)
rCold  . . .     Clarity  .     (no shield)
rNeg   . . .     SustAb   .     (helmet restricted)
rPois  .         Gourm    .     (no amulet)
rElec  .         Spirit   .     (no ring)
rCorr  .         Warding  .     (no ring)
rMut   .         Stasis   .     (no ring)
MR     .....                    (no ring)
Stlth  +++.......               (no ring)
                                (no ring)
                                (no ring)
                                (no ring)

@: not resistant to hostile enchantments, fairly stealthy
A: almost no armour, amphibious, 8 rings, constrict 8, camouflage 1, gelatinous
body 1
a: no special abilities


You were on level 2 of the Dungeon.
You were full.

You visited 1 branch of the dungeon, and saw 2 of its levels.

You collected 79 gold pieces.

Inventory:

Scrolls
 d - a scroll of teleportation
 g - a scroll of identify
Books
 c - a book of Conjurations

   Spells                             Type                      Level
   a - Magic Dart                     Conjuration                  1
   b - Searing Ray                    Conjuration                  2
   c - Dazzling Spray                 Conjuration/Hexes            3
   d - Fulminant Prism                Conjuration/Hexes            4
   e - Iskenderun's Mystic Blast      Conjuration                  4
   f - Iskenderun's Battlesphere      Conjuration/Charms           5
Comestibles
 f - a royal jelly
 h - a beef jerky
 i - 2 bread rations


   Skills:
 + Level 2.1 Dodging
 + Level 2.8 Stealth
 + Level 2.2 Spellcasting
 + Level 5.1 Conjurations


You couldn't memorise any spells.
You knew the following spells:

 Your Spells              Type           Power        Failure   Level  Hunger
a - Magic Dart            Conj           ###.         1%          1    #......
b - Searing Ray           Conj           ###...       3%          2    ##.....
c - Dazzling Spray        Conj/Hex       ##......     21%         3    ###....


Dungeon Overview and Level Annotations

Branches:
Dungeon (2/15)

Altars:


Innate Abilities, Weirdness & Mutations

You cannot wear most types of armour.
You are amphibious.
You can wear up to eight rings at the same time.
You can use your tentacles to constrict many enemies at once.
Your skin changes colour to match your surroundings (Stealth).
Your rubbery body absorbs attacks (AC +1).


Message History

The kobold throws a stone.
The stone closely misses you.
The kobold throws a stone.
The stone closely misses you. The kobold barely misses you.
The kobold hits you but does no damage. The kobold barely misses you.
The kobold completely misses you. The kobold hits you with a club.
The kobold barely misses you. The kobold closely misses you.
The kobold misses you. The kobold misses you. The kobold hits you with a club.
* * * LOW HITPOINT WARNING * * *
The kobold hits you with a club.
* * * LOW HITPOINT WARNING * * *
The kobold hits you but does no damage.
You miss the kobold. Your grab misses the kobold. The kobold misses you.
You tentacle-slap the kobold but do no damage.
Your grab misses the kobold. The kobold hits you with a club.
You die...

####### #....@#
***** #....K# *,,,*
#.....# *,,,*
#...†.# **,,,*
***** #..††.###
*,,,,* ,,,,*
#.......#* **,,,,*
.,,,* #.....#..#
**,,,,,* * >,,,*
#.....##.###,,**,**
** .****
##.....##K..#.***,*
**,


You could see a kobold.

Vanquished Creatures
  2 adders (D:2)
  A gnoll (D:1)
  A giant cockroach (D:2)
  4 goblins
  2 hobgoblins (D:1)
  2 kobolds (D:1)
  A quokka (D:2)
  5 bats
  A giant gecko (D:1)
  2 giant newts (D:2)
  2 rats (D:1)
23 creatures vanquished.

Notes
Turn   | Place    | Note
--------------------------------------------------------------
     0 | D:1      | Seneschal, the Octopode Conjurer, began the quest for the Orb.
     0 | D:1      | Reached XP level 1. HP: 11/11 MP: 3/3
   158 | D:1      | Reached XP level 2. HP: 13/17 MP: 0/4
   209 | D:1      | Learned a level 2 spell: Searing Ray
   404 | D:1      | You fall through a shaft!
   414 | D:2      | Reached XP level 3. HP: 21/21 MP: 0/6
   426 | D:2      | Learned a level 3 spell: Dazzling Spray
   500 | D:2      | Reached skill level 5 in Conjurations
   589 | D:2      | Slain by a kobold

Action                   || total
-------------------------++-------
Melee: Unarmed           ||    20
 Cast: Magic Dart        ||    35
  Use: Scroll            ||     4
  Eat: Bread ration      ||     1
